TOP OF THE 1ST |
University of Virginia Cavaliers batting - Pitching for California State University at Fullerton Titans : RHP Marco Alvarado
|
Pitching: RHP Marco Alvarado
|
|
Batting: RHB Luke Bertrand
|
0-0: Foul Ball, location: 2F 0-1: Fly out, F9 (Flyball, 9D, EV 108.1 MPH)
|
Batting: RHB Jose Velez
|
0-0: Swinging Strike 0-1: Ball 1-1: Ball 2-1: Called Strike 2-2: Strikes out swinging
|
Batting: LHB Ray Nichter
|
0-0: Called Strike 0-1: Foul Ball, location: 2F 0-2: Ball 1-2: Ball 2-2: DOUBLE (Line Drive, 78XD, EV 100.0 MPH)
|
Batting: LHB Alex Aguilar
|
0-0: Foul Ball, location: 2F 0-1: Foul Ball, location: 2F 0-2: Strikes out looking
|
Top of the 1st over - 0 runs, 1 hit, 0 errors, 1 left on base; University of Virginia 0 - California State University at Fullerton 0 |
BOTTOM OF THE 1ST |
California State University at Fullerton Titans batting - Pitching for University of Virginia Cavaliers : RHP Andy Corrales
|
Pitching: RHP Andy Corrales
|
|
Batting: LHB Steve Lane
|
0-0: Ball 1-0: Ball 2-0: Called Strike 2-1: Swinging Strike 2-2: Strikes out looking
|
Batting: RHB Justin Thomas
|
0-0: Called Strike 0-1: Called Strike 0-2: Ball 1-2: Foul Ball, location: 2F 1-2: Strikes out swinging
|
Batting: RHB Zach Warwick
|
0-0: Foul Ball, location: 2F 0-1: Swinging Strike 0-2: Strikes out swinging
|
Bottom of the 1st over - 0 runs, 0 hits, 0 errors, 0 left on base; University of Virginia 0 - California State University at Fullerton 0 |
TOP OF THE 2ND |
University of Virginia Cavaliers batting - Pitching for California State University at Fullerton Titans : RHP Marco Alvarado
|
Batting: RHB Jason Lambert
|
0-0: Swinging Strike 0-1: Ball 1-1: Ball 2-1: Foul Ball, location: 2F 2-2: Strikes out swinging
|
Batting: LHB Josh Glass
|
0-0: Called Strike 0-1: Ball 1-1: Swinging Strike 1-2: Ball 2-2: Strikes out looking
|
Batting: RHB Allen McCaskill
|
0-0: Ball 1-0: Called Strike 1-1: Called Strike 1-2: Foul Ball, location: 2F 1-2: Ball 2-2: SINGLE (Groundball, 56D, EV 110.0 MPH)
|
Batting: SHB Ethan Lewis
|
0-0: Ball 1-0: Ball 2-0: Called Strike 2-1: Called Strike 2-2: Ball 3-2: Foul Ball, location: 2F 3-2: Strikes out swinging
|
Top of the 2nd over - 0 runs, 1 hit, 0 errors, 1 left on base; University of Virginia 0 - California State University at Fullerton 0 |
BOTTOM OF THE 2ND |
California State University at Fullerton Titans batting - Pitching for University of Virginia Cavaliers : RHP Andy Corrales
|
Batting: LHB Alberto Aguilar
|
0-0: Ball 1-0: Ground out 6-3 (Groundball, 6, EV 81.9 MPH)
|
Batting: LHB Edwin Esparza
|
0-0: Ball 1-0: Called Strike 1-1: Ball 2-1: Foul Ball, location: 2F 2-2: Strikes out swinging
|
Batting: RHB Joe McKinzie
|
0-0: Ball 1-0: Fly out, F8 (Flyball, 8RD, EV 79.4 MPH)
|
Bottom of the 2nd over - 0 runs, 0 hits, 0 errors, 0 left on base; University of Virginia 0 - California State University at Fullerton 0 |
TOP OF THE 3RD |
University of Virginia Cavaliers batting - Pitching for California State University at Fullerton Titans : RHP Marco Alvarado
|
Batting: RHB Jason Thresher
|
0-0: SINGLE (Groundball, 4, EV 105.6 MPH)
|
Batting: RHB Luke Bertrand
|
0-0: Fly out, F8 (Flyball, 89M, EV 89.4 MPH)
|
Batting: RHB Jose Velez
|
0-0: Called Strike Jason Thresher is caught stealing 2nd base 2-4 0-1: Foul Ball, location: 2F 0-2: Foul Ball, location: 2F 0-2: Foul Ball, location: 2F 0-2: Foul Ball, location: 2F 0-2: Ball 1-2: Ball 2-2: Strikes out looking
|
Top of the 3rd over - 0 runs, 1 hit, 0 errors, 0 left on base; University of Virginia 0 - California State University at Fullerton 0 |
BOTTOM OF THE 3RD |
California State University at Fullerton Titans batting - Pitching for University of Virginia Cavaliers : RHP Andy Corrales
|
Batting: LHB John Blumberg
|
0-0: Foul Ball, location: 2F 0-1: Ball 1-1: Ball 2-1: Foul Ball, location: 2F 2-2: Foul Ball, location: 2F 2-2: Foul Ball, location: 2F 2-2: Foul Ball, location: 2F 2-2: Strikes out swinging
|
Batting: SHB John Loechel
|
0-0: Called Strike 0-1: Ground out 4-3 (Groundball, 4, EV 101.2 MPH)
|
Batting: LHB Kris Zimbalist
|
0-0: Ball 1-0: Called Strike 1-1: Ball 2-1: Ball 3-1: Called Strike 3-2: Foul Ball, location: 2F 3-2: Foul Ball, location: 2F 3-2: SOLO HOME RUN (Flyball, 89XD, EV 105.6 MPH), Distance : 398 ft
|
Batting: LHB Steve Lane
|
0-0: Called Strike 0-1: Ball 1-1: Swinging Strike 1-2: Hit by Pitch
|
Batting: RHB Justin Thomas
|
0-0: Called Strike Steve Lane steals 2nd base (no throw) 0-1: Fly out, F9 (Line Drive, 89M, EV 90.0 MPH)
|
Bottom of the 3rd over - 1 run, 1 hit, 0 errors, 1 left on base; University of Virginia 0 - California State University at Fullerton 1 |
TOP OF THE 4TH |
University of Virginia Cavaliers batting - Pitching for California State University at Fullerton Titans : RHP Marco Alvarado
|
Batting: LHB Ray Nichter
|
0-0: Swinging Strike 0-1: Fly out, F8 (Flyball, 8RD, EV 91.2 MPH)
|
Batting: LHB Alex Aguilar
|
0-0: Fly out, F8 (Flyball, 8RD, EV 81.9 MPH)
|
Batting: RHB Jason Lambert
|
0-0: Ball 1-0: Ball 2-0: Called Strike 2-1: Fly out, F2 (Popup, 2LF, EV 90.6 MPH)
|
Top of the 4th over - 0 runs, 0 hits, 0 errors, 0 left on base; University of Virginia 0 - California State University at Fullerton 1 |
BOTTOM OF THE 4TH |
California State University at Fullerton Titans batting - Pitching for University of Virginia Cavaliers : RHP Andy Corrales
|
Batting: RHB Zach Warwick
|
0-0: Ball 1-0: Foul Ball, location: 2F 1-1: Fly out, F8 (Flyball, 8RD, EV 92.5 MPH)
|
Batting: LHB Alberto Aguilar
|
0-0: Fly out, F8 (Flyball, 78D, EV 90.0 MPH)
|
Batting: LHB Edwin Esparza
|
0-0: Swinging Strike 0-1: Ball 1-1: Ball 2-1: Foul Ball, location: 2F 2-2: Foul Ball, location: 2F 2-2: Ball 3-2: Ground out 6-3 (Groundball, 6, EV 88.8 MPH)
|
Bottom of the 4th over - 0 runs, 0 hits, 0 errors, 0 left on base; University of Virginia 0 - California State University at Fullerton 1 |
TOP OF THE 5TH |
University of Virginia Cavaliers batting - Pitching for California State University at Fullerton Titans : RHP Marco Alvarado
|
Batting: LHB Josh Glass
|
0-0: Ball 1-0: Ball 2-0: Ball 3-0: Base on Balls
|
Batting: RHB Allen McCaskill
|
0-0: Foul Ball, location: 2F 0-1: Foul Ball, location: 2F 0-2: Strikes out swinging
|
Batting: SHB Ethan Lewis
|
0-0: Ground out U3 (Groundball, 3, EV 86.9 MPH) Josh Glass to second
|
Batting: RHB Jason Thresher
|
0-0: Swinging Strike 0-1: Ground out 4-3 (Groundball, 4, EV 105.0 MPH)
|
Top of the 5th over - 0 runs, 0 hits, 0 errors, 1 left on base; University of Virginia 0 - California State University at Fullerton 1 |
BOTTOM OF THE 5TH |
California State University at Fullerton Titans batting - Pitching for University of Virginia Cavaliers : RHP Andy Corrales
|
Batting: RHB Joe McKinzie
|
0-0: Foul Ball, location: 2F 0-1: Ball 1-1: Swinging Strike 1-2: Strikes out swinging
|
Batting: LHB John Blumberg
|
0-0: Ball 1-0: Ball 2-0: Called Strike 2-1: Foul Ball, location: 2F 2-2: Ball 3-2: Foul Ball, location: 2F 3-2: Fly out, F7 (Flyball, 7LD, EV 92.5 MPH)
|
Batting: SHB John Loechel
|
0-0: Ball 1-0: Called Strike 1-1: Ball 2-1: Ball 3-1: Swinging Strike 3-2: Fly out, F8 (Flyball, 89S, EV 88.1 MPH)
|
Bottom of the 5th over - 0 runs, 0 hits, 0 errors, 0 left on base; University of Virginia 0 - California State University at Fullerton 1 |
TOP OF THE 6TH |
University of Virginia Cavaliers batting - Pitching for California State University at Fullerton Titans : RHP Marco Alvarado
|
Batting: RHB Luke Bertrand
|
0-0: Ball 1-0: Ball 2-0: Ball 3-0: Called Strike 3-1: TRIPLE (Flyball, 89XD, EV 113.8 MPH)
|
Batting: RHB Jose Velez
|
0-0: Called Strike 0-1: Fly out, F9 (Flyball, 9S, EV 83.1 MPH) Runner from 3rd tags up, SCORES, throw by RF
|
Batting: LHB Ray Nichter
|
0-0: Ball 1-0: Called Strike 1-1: Ball 2-1: Foul Ball, location: 2F 2-2: Ground out 4-3 (Groundball, 4MS, EV 86.2 MPH)
|
Batting: LHB Alex Aguilar
|
0-0: Called Strike 0-1: Ball 1-1: Fly out, F6 (Popup, 4M, EV 61.9 MPH)
|
Top of the 6th over - 1 run, 1 hit, 0 errors, 0 left on base; University of Virginia 1 - California State University at Fullerton 1 |
BOTTOM OF THE 6TH |
California State University at Fullerton Titans batting - Pitching for University of Virginia Cavaliers : RHP Andy Corrales
|
Batting: LHB Kris Zimbalist
|
0-0: Foul Ball, location: 2F 0-1: Foul Ball, location: 2F 0-2: Ball 1-2: Ball 2-2: Ball 3-2: Foul Ball, location: 2F 3-2: Ground out U3 (Groundball, 3, EV 93.8 MPH)
|
Batting: LHB Steve Lane
|
0-0: Foul Ball, location: 2F 0-1: Called Strike 0-2: Foul Ball, location: 2F 0-2: Ball 1-2: Ball 2-2: Fly out, F6 (Popup, 15, EV 90.0 MPH)
|
Batting: RHB Justin Thomas
|
0-0: Ball 1-0: SINGLE (Groundball, 56, EV 76.9 MPH) (infield hit)
|
Batting: RHB Zach Warwick
|
0-0: Foul Ball, location: 2F 0-1: Ball 1-1: Ball 2-1: SINGLE (Line Drive, 4M, EV 101.9 MPH) Justin Thomas to second
|
Batting: LHB Alberto Aguilar
|
0-0: Called Strike 0-1: Swinging Strike 0-2: Ball 1-2: SINGLE (Groundball, 4MD, EV 101.9 MPH) Justin Thomas to third Zach Warwick to second Runner from 3rd tries for Home, SAFE, throw by CF to home Zach Warwick to third Alberto Aguilar to second
|
Batting: LHB Edwin Esparza
|
0-0: Ball 1-0: Ball 2-0: Called Strike 2-1: Called Strike 2-2: Foul Ball, location: 2F 2-2: Foul Ball, location: 2F 2-2: Ball 3-2: Foul Ball, location: 2F 3-2: Ground out 4-3 (Groundball, 4, EV 83.8 MPH)
|
Bottom of the 6th over - 1 run, 3 hits, 0 errors, 2 left on base; University of Virginia 1 - California State University at Fullerton 2 |
TOP OF THE 7TH |
University of Virginia Cavaliers batting - Pitching for California State University at Fullerton Titans : RHP Marco Alvarado
|
Pitching: RHP Jorge Garza
|
|
Batting: RHB Jason Lambert
|
0-0: Fly out, F9 (Flyball, 89M, EV 85.6 MPH)
|
Batting: LHB Josh Glass
|
0-0: Called Strike 0-1: Ground out 6-3 (Groundball, 6, EV 83.8 MPH)
|
Batting: RHB Allen McCaskill
|
0-0: Swinging Strike 0-1: Ball 1-1: Foul Ball, location: 2F 1-2: Foul Ball, location: 2F 1-2: Ball 2-2: SINGLE (Line Drive, 8RS, EV 99.4 MPH)
|
Batting: SHB Ethan Lewis
|
0-0: Called Strike 0-1: Ball 1-1: Ball 2-1: Ball 3-1: Ground out 4-3 (Groundball, 4, EV 90.6 MPH)
|
Top of the 7th over - 0 runs, 1 hit, 0 errors, 1 left on base; University of Virginia 1 - California State University at Fullerton 2 |
BOTTOM OF THE 7TH |
California State University at Fullerton Titans batting - Pitching for University of Virginia Cavaliers : RHP Andy Corrales
|
Pitching: RHP Moses Villas
|
|
Batting: RHB Joe McKinzie
|
0-0: Called Strike 0-1: Foul Ball, location: 2F 0-2: Strikes out swinging
|
Batting: LHB John Blumberg
|
0-0: Ball 1-0: Ground out 6-3 (Groundball, 4MS, EV 85.0 MPH)
|
Batting: SHB John Loechel
|
0-0: Called Strike 0-1: Ball 1-1: Ground out 4-3 (Groundball, 4, EV 100.0 MPH)
|
Bottom of the 7th over - 0 runs, 0 hits, 0 errors, 0 left on base; University of Virginia 1 - California State University at Fullerton 2 |
TOP OF THE 8TH |
University of Virginia Cavaliers batting - Pitching for California State University at Fullerton Titans : RHP Jorge Garza
|
Pitching: RHP Jaime Zapata
|
|
Batting: RHB Jason Thresher
|
0-0: Called Strike 0-1: Swinging Strike 0-2: Ground out 6-3 (Groundball, 6S, EV 83.8 MPH)
|
Batting: RHB Luke Bertrand
|
0-0: Foul Ball, location: 2F 0-1: Ball 1-1: Ball 2-1: Swinging Strike 2-2: SINGLE (Groundball, 6MD, EV 105.6 MPH)
|
Batting: RHB Jose Velez
|
0-0: Called Strike 0-1: Ball 1-1: Called Strike 1-2: Ball 2-2: Strikes out swinging
|
Batting: LHB Ray Nichter
|
0-0: Called Strike 0-1: Called Strike 0-2: Ball 1-2: Ball 2-2: Fly out, F9 (Flyball, 89M, EV 83.1 MPH)
|
Top of the 8th over - 0 runs, 1 hit, 0 errors, 1 left on base; University of Virginia 1 - California State University at Fullerton 2 |
BOTTOM OF THE 8TH |
California State University at Fullerton Titans batting - Pitching for University of Virginia Cavaliers : RHP Moses Villas
|
Batting: LHB Kris Zimbalist
|
0-0: Foul Ball, location: 2F 0-1: Swinging Strike 0-2: Ball 1-2: Ball 2-2: Ball 3-2: Fly out, F8 (Flyball, 8RD, EV 101.2 MPH)
|
Batting: LHB Steve Lane
|
0-0: Foul Ball, location: 2F 0-1: Ball 1-1: Ball 2-1: Ball 3-1: Base on Balls
|
Batting: RHB Justin Thomas
|
0-0: Ball 1-0: Ball 2-0: DOUBLE (Groundball, 5L, EV 100.0 MPH) Steve Lane to third
|
Batting: RHB Zach Warwick
|
0-0: Fly out, F9 (Flyball, 9D, EV 106.9 MPH) Runner from 3rd tags up, SCORES, throw by RF Justin Thomas to third
|
Batting: LHB Alberto Aguilar
|
0-0: Ball 1-0: Called Strike 1-1: Ground out U3 (Groundball, 3, EV 90.6 MPH)
|
Bottom of the 8th over - 1 run, 1 hit, 0 errors, 1 left on base; University of Virginia 1 - California State University at Fullerton 3 |
TOP OF THE 9TH |
University of Virginia Cavaliers batting - Pitching for California State University at Fullerton Titans : RHP Jaime Zapata
|
Pitching: LHP David Garcia
|
|
Batting: LHB Alex Aguilar
|
0-0: Fly out, F7 (Flyball, 78M, EV 88.1 MPH)
|
Batting: RHB Jason Lambert
|
0-0: Foul Ball, location: 2F 0-1: Foul Ball, location: 2F 0-2: Ground out 4-3 (Groundball, 4MD, EV 100.6 MPH)
|
Batting: LHB Josh Glass
|
0-0: Called Strike 0-1: Ball 1-1: Called Strike 1-2: Foul Ball, location: 2F 1-2: Ball 2-2: Fly out, F7 (Flyball, 7, EV 79.4 MPH)
|
Top of the 9th over - 0 runs, 0 hits, 0 errors, 0 left on base; University of Virginia 1 - California State University at Fullerton 3 |
|